 Dungeon Crawl Stone Soup version 0.31.0-11-ge490571c62 (webtiles) character file.

Game seed: 14692226275899758689

5149 Flugkiller the Thaumaturge (level 10, -14/49 HPs)
             Began as a Vine Stalker Ice Elementalist on Feb 2, 2024.
             Was a Follower of Sif Muna.
             Killed from afar by a ynoxinul (30 damage)
             ... with an iron shot
             ... on level 9 of the Dungeon.
             The game lasted 00:16:47 (2750 turns).

Flugkiller the Thaumaturge (VSIE)                   Turns: 2750, Time: 00:16:48

Health: -14/49     AC:  5    Str:  8    XL:     10   Next: 59%
Magic:  0/25       EV: 12    Int: 26    God:    Sif Muna [*.....]
Gold:   279        SH:  0    Dex: 13    Spells: 19/29 levels left

rFire   . . .        c - +3 spear (freeze)
rCold   . . .        (no shield)
rNeg    + + .        a - +0 robe
rPois   .            i - +0 helmet of Ceunad {Int+3 Dex-2}
rElec   .            l - +1 cloak of Perfidy {rN++ Str-3 Int+4}
rCorr   .            (no gloves)
SInv    .            (no boots)
Will    +....        (no amulet)
Stlth   ++           (no ring)
HPRegen 1.08/turn    (no ring)
MPRegen 0.19/turn

%: guardian spirit
@: no status effects
A: fangs 3, regeneration 1, magic shield, antimagic bite, no potion heal 2
a: Renounce Religion, Channel Magic


You were on level 9 of the Dungeon.
You worshipped Sif Muna.
Sif Muna was aware of your devotion.
You visited 2 branches of the dungeon, and saw 10 of its levels.
You also visited: Ossuary.

You collected 279 gold pieces.

Inventory:

Hand Weapons
 c - a +3 spear of freezing (weapon)
   (You took it off a wight on level 6 of the Dungeon)
 h - a +0 heavy dagger
   (You took it off a goblin on level 2 of the Dungeon)
 s - the +4 sling "Luhor" {heavy, rF- Will+ Str+5}
   (You found it on level 5 of the Dungeon)

   Str+5:     It affects your strength (+5).
   rF-:       It makes you vulnerable to fire.
   Will+:     It increases your willpower.
Missiles
 u - a throwing net
Armour
 a - a +0 robe (worn)
 i - the +0 helmet of Ceunad (worn) {Int+3 Dex-2}
   (You took it off Robin on level 2 of the Dungeon)

   Int+3:     It affects your intelligence (+3).
   Dex-2:     It affects your dexterity (-2).
 l - the +1 cloak of Perfidy (worn) {rN++ Str-3 Int+4}
   (You found it on level 3 of the Dungeon)

   Str-3:     It affects your strength (-3).
   Int+4:     It affects your intelligence (+4).
   rN++:      It greatly protects you from negative energy.
Jewellery
 e - a ring of fire
   (You found it on level 1 of the Dungeon)
Wands
 m - a wand of charming (21)
   (You found it on level 5 of the Dungeon)
 v - a wand of roots (9)
   (You found it on level 7 of the Dungeon)
Scrolls
 f - a scroll of revelation
 k - 5 scrolls of fear
 n - a scroll of immolation
 t - a scroll of teleportation
Potions
 b - a potion of magic
 d - 3 potions of might
 g - 2 potions of ambrosia
 j - a potion of lignification
 o - a potion of cancellation {unknown}
 p - a potion of brilliance {unknown}
 q - 2 potions of curing
 w - 2 potions of enlightenment


   Skills:
 - Level 4.0 Fighting
 - Level 1.5 Dodging
 - Level 2.4 Stealth
 - Level 10.0 Spellcasting
 * Level 8.5 Summonings
 - Level 7.0 Ice Magic
 + Level 2.5 Invocations
 + Level 2.3 Evocations


You had 19 spell levels left.
You knew the following spells:

 Your Spells              Type           Power      Damage    Failure   Level
a - Freeze                Ice            100%       1d10      1%          1
b - Frozen Ramparts       Ice            98%        1d15      1%          3
c - Ozocubu's Armour      Ice            49%        N/A       1%          3
d - Summon Ice Beast      Ice/Summ       52%        N/A       1%          3

Your spell library contained the following spells:

 Spells                   Type           Power      Damage    Failure   Level
 Call Imp                 Summ           100%       N/A       1%          2
 Kiss of Death            Conj/Necr      52%        2d9       4%          1
 Necrotise                Necr           52%        1d6       4%          1
 Slow                     Hex            52%        N/A       4%          1
 Jinxbite                 Hex            26%        N/A       7%          2
 Scorch                   Fire           26%        2d6       7%          2
 Sublimation of Blood     Necr           13%        N/A       7%          2
 Martyr's Knell           Necr/Summ      35%        N/A       8%          4
 Confusing Touch          Hex            13%        N/A       14%         3
 Fugue of the Fallen      Necr           13%        N/A       14%         3
 Sigil of Binding         Hex            13%        N/A       14%         3
 Vampiric Draining        Necr           13%        2d6       14%         3
 Summon Cactus Giant      Summ           27%        N/A       22%         6
 Dispel Undead            Necr           13%        3d9       41%         4
 Flame Wave               Conj/Fire      13%        2d6       41%         4
 Manifold Assault         Tloc           13%        N/A       41%         4
 Petrify                  Alch/Erth      13%        N/A       41%         4
 Summon Hydra             Summ           27%        N/A       75%         7
 Curse of Agony           Necr           13%        N/A       77%         5
 Irradiate                Conj/Alch      6%         3d13      77%         5
 Yara's Violent Unravell  Hex/Alch       6%         3d5       77%         5
 Enfeeble                 Hex            6%         N/A       100%        7


Dungeon Overview and Level Annotations

Branches:
Dungeon (9/15) Zot: 26800  Temple (1/1) D:5 Zot: 5996 Ossuary (visited)
   Lair: D:8-11         Orc: D:9-12

Altars:
Ashenzari
Cheibriados
Dithmenos
Elyvilon
Gozag
Hepliaklqana
Kikubaaqudgha
Makhleb
Nemelex Xobeh
Okawaru
Qazlal
Sif Muna
Trog
Uskayaw
Vehumet
Wu Jian
Xom
The Shining One

Shops:
D:7 :   D:8 (

Annotations:
D:7 3 runed translucent doors, heinrich's ghost, novice DEEE
D:8 2 transporters, Gastronok
D:9 heinrich's ghost, novice VSBr


Innate Abilities, Weirdness & Mutations

You have razor-sharp teeth.
Your natural rate of healing is unusually fast.
When hurt, damage is shared between your health and your magic reserves.
Your bite disrupts and absorbs the magic of your enemies.
Potions cannot restore your health.


Message History

The walls around you are covered in ice.
The wall freezes the orc warrior.
Your ice beast hits the orc warrior but does no damage.
You hit the orc warrior but do no damage.
You bite the orc warrior, but do no damage.
The orc warrior is severely wounded.
The wall freezes the orc warrior but does no damage.
The orc warrior closely misses you.
Your ice beast hits the orc warrior but does no damage.
You hit the orc warrior but do no damage.
The orc warrior is severely wounded.
The wall freezes the orc!
You kill the orc!
Sif Muna accepts your kill.
The wall freezes the orc warrior!
You kill the orc warrior!
Sif Muna accepts your kill.
No target in view!
No target in view!
You swap places.
The frozen ramparts melt away as you move.
You now have 279 gold pieces (gained 17).
Items here: ))) [ ††.
Items here: ))))) [ ††.
Found a scroll of identify.
Found a book of Iron.
Found a runed translucent door.
r - a scroll of identify;
w - 2 fizzy red potions The ynoxinul bellows!
As you read the scroll of identify, it crumbles to dust.
w - 2 potions of enlightenment Unknown command.
Press: ? - help, v - describe, . - travel, g - get item Item here: a book of Iron.
The floor.
Unknown command.
Found a javelin.
Heinrich's ghost whispers, "There is no future for you."
Press: ? - help, v - describe, . - travel
Here: heinrich's ghost, wielding a weapon of electrocution (fire blocked by a translucent stone wall)
The floor.
Unknown command.
Unknown command.
You open the door.
Unknown command.
Heinrich's ghost attacks as it pursues you!
Heinrich's ghost hits you.
You are electrocuted!
Your ice beast hits heinrich's ghost but does no damage.
Casting: Frozen Ramparts (safe; 1% risk of failure)
Confirm with . or Enter, or press ? or * to list all spells.
The walls around you are covered in ice.
The wall freezes heinrich's ghost.
Heinrich's ghost closely misses you.
Your ice beast hits heinrich's ghost but does no damage.
Casting: Frozen Ramparts (safe; 1% risk of failure)
Confirm with . or Enter, or press ? or * to list all spells.
A film of ice covers your body!
The ynoxinul resists.
The wall freezes the ynoxinul!
The wall freezes heinrich's ghost.
Heinrich's ghost hits you but does no damage.
Your ice beast completely misses heinrich's ghost.
Casting: Ozocubu's Armour (safe; 1% risk of failure)
Confirm with . or Enter, or press ? or * to list all spells.
A chill wind blows around you.
Your ice beast disappears in a puff of smoke!
The ynoxinul resists.
The wall freezes the ynoxinul.
The wall freezes heinrich's ghost but does no damage.
Heinrich's ghost hits you but does no damage.
You are electrocuted!
You hit heinrich's ghost but do no damage.
You bite heinrich's ghost, but do no damage.
Heinrich's ghost is lightly damaged.
The ynoxinul hits you but does no damage.
The wall freezes heinrich's ghost.
Heinrich's ghost hits you but does no damage.
You hit heinrich's ghost but do no damage.
You bite heinrich's ghost. You drain its power.
You feel invigorated.
Heinrich's ghost is moderately damaged.
The ynoxinul gestures at you. The iron shot hits you!!
* * * LOW HITPOINT WARNING * * *
The wall freezes heinrich's ghost!
Heinrich's ghost hits you.
* * * LOW HITPOINT WARNING * * *
Your ice beast completely misses heinrich's ghost.
Unknown command.
Unknown command.
Unknown command.
Okay, then.
Your icy armour cracks and falls away as you move.
The frozen ramparts melt away as you move.
The ynoxinul barely misses your ice beast.
Heinrich's ghost hits your ice beast.
Lightning courses through your ice beast!!
Your ice beast hits heinrich's ghost.
Your ice beast freezes heinrich's ghost!
Heinrich's ghost closely misses your ice beast.
Your ice beast misses heinrich's ghost.
Heinrich's ghost hits your ice beast.
Your ice beast barely misses heinrich's ghost.
The ynoxinul gestures at you. The iron shot hits you!!
Ouch! That really hurt!
You die...

#.# #..#∩.:.∩# #.#
#..#.....#..# #.#
#..#∩...∩#..# #.#
#..#..P..#..# #.#
#..#∩...∩#..# #.#
###..#.....#..# #.######
###....#∩...∩#..# .))....#
##......###'###..#
.......#####..#.@...W........
.......##....##....3Y.......#
.......##.#####........#..###
..........# #...........#
.......#### #........####
.......# ########## .......#
########


You could see a ynoxinul, heinrich's ghost (ally target) and a friendly ice
beast (summoned).

Vanquished Creatures
  Pikel (D:8)
  Prince Ribbit (D:8)
  4 yaks (D:8)
  Duvessa (D:7)
  An ice beast (D:4)
  3 orc warriors
  3 black bears
  A centaur (D:6)
  A lemure (D:8)
  3 kobold brigands
  3 bullfrogs
  2 scorpions
  5 wights (D:6)
  Dowan (D:7)
  7 killer bees (D:8)
  2 human zombies (Ossuary)
  2 orc priests
  A hound (D:4)
  2 orc wizards
  2 sleepcaps
  4 hound zombies
  2 mummies (Ossuary)
  Robin (D:2)
  2 adders
  3 gnolls (D:5)
  A white imp (D:7)
  4 adder zombies
  4 adder skeletons (D:4)
  7 orcs
  2 endoplasms
  A giant cockroach (D:3)
  11 goblins
  3 hobgoblins
  A quokka (D:2)
  A ball python (D:2)
  A bat (D:1)
  A frilled lizard (D:2)
  4 gnoll zombies (Ossuary)
  4 jackal zombies (Ossuary)
  18 kobolds
  2 kobold zombies (Ossuary)
  An orc zombie (Ossuary)
  A rat (D:2)
125 creatures vanquished.

Vanquished Creatures (collateral kills)
  A hornet (D:8)
  2 yaks (D:8)
  A water moccasin (D:9)
  A sky beast (D:5)
  A lemure (D:8)
  A centaur (D:8)
  3 elf zombies (Ossuary)
  A gnoll sergeant (D:8)
  4 killer bees (D:8)
  3 hounds
  2 orc priests
  A gnoll bouda (D:9)
  An iguana (D:7)
  An orc wizard (D:8)
  A hound zombie (Ossuary)
  8 gnolls
  5 orcs
  An endoplasm (D:4)
  2 gnoll zombies (Ossuary)
  A kobold (D:8)
  5 jackal zombies (Ossuary)
  2 kobold zombies (Ossuary)
  5 orc zombies (Ossuary)
53 creatures vanquished.

Grand Total: 178 creatures vanquished

Notes
Turn   | Place    | Note
-------+----------+-------------------------------------------
     0 | D:1      | Flugkiller the Vine Stalker Ice Elementalist began the
                  | quest for the Orb.
     0 | D:1      | Reached XP level 1. HP: 9/9 MP: 4/4
    18 | D:1      | You fall into a shaft and drop 1 floor!
   167 | D:2      | Identified the +0 helmet of Ceunad {Int+3 Dex-2}
   167 | D:2      | Noticed Robin
   203 | D:1      | Reached XP level 2. HP: 11/13 MP: 1/6
   362 | D:2      | Reached XP level 3. HP: 12/16 MP: 4/8
   363 | D:2      | Killed Robin
   364 | D:2      | Reached skill level 3 in Spellcasting
   381 | D:2      | Learned a level 3 spell: Frozen Ramparts
   385 | D:2      | Learned a level 3 spell: Ozocubu's Armour
   606 | D:3      | Reached XP level 4. HP: 21/21 MP: 6/10
   616 | D:3      | Identified the +1 cloak of Perfidy {rN++ Str-3 Int+4}
   665 | D:4      | Noticed an ice beast
   665 | D:4      | Noticed a black bear
   683 | D:4      | Reached skill level 5 in Ice Magic
   684 | D:4      | Killed a black bear
   685 | D:4      | Reached skill level 4 in Spellcasting
   685 | D:4      | Reached XP level 5. HP: 24/24 MP: 9/12
   694 | D:4      | Killed an ice beast
   695 | D:4      | Reached XP level 6. HP: 28/28 MP: 9/14
   701 | D:4      | Learned a level 3 spell: Summon Ice Beast
   862 | D:4      | Found a sand-covered staircase.
   885 | Ossuary  | Entered an ossuary
   901 | Ossuary  | Reached skill level 5 in Spellcasting
   901 | Ossuary  | Reached skill level 1 in Summonings
   987 | Ossuary  | Reached skill level 1 in Fighting
   987 | Ossuary  | Reached XP level 7. HP: 27/34 MP: 9/15
  1204 | D:4      | Found a stormy altar of Qazlal.
  1220 | D:5      | Entered Level 5 of the Dungeon
  1301 | D:5      | Gained mutation: You have razor-sharp teeth. [Vine Stalker
                  | growth]
  1301 | D:5      | Reached XP level 8. HP: 32/42 MP: 6/17
  1342 | D:5      | Identified the +4 sling "Luhor" {heavy, rF- Will+ Str+5}
  1402 | D:4      | Found a sparkling altar of Nemelex Xobeh.
  1425 | D:5      | Found a staircase to the Ecumenical Temple.
  1435 | Temple   | Entered the Ecumenical Temple
  1508 | D:5      | You fall into a shaft and drop 1 floor!
  1542 | D:6      | Reached skill level 6 in Spellcasting
  1587 | D:6      | Reached skill level 7 in Spellcasting
  1730 | D:7      | Reached skill level 8 in Spellcasting
  1752 | D:8      | Noticed a hornet
  1813 | D:8      | Noticed Pikel
  1816 | D:8      | Noticed Prince Ribbit
  1825 | D:8      | Killed Prince Ribbit
  1826 | D:8      | Reached XP level 9. HP: 29/45 MP: 4/22
  1846 | D:8      | Killed Pikel
  1861 | D:8      | Found a transporter.
  1870 | D:8      | Found a transporter.
  1880 | D:8      | Reached skill level 9 in Spellcasting
  1897 | D:8      | Found a transporter.
  1970 | D:7      | Found a shimmering altar of Xom.
  1970 | D:7      | Found a shimmering altar of Xom.
  1971 | D:7      | Found a shimmering altar of Xom.
  1971 | D:7      | Found a shimmering altar of Xom.
  1976 | D:7      | Found a shimmering altar of Xom.
  1981 | D:7      | Noticed a skeletal warrior
  1984 | D:7      | Found a runed translucent gate.
  1984 | D:7      | Found a runed translucent gate.
  1984 | D:7      | Found a runed translucent gate.
  1986 | D:7      | Noticed heinrich's ghost (novice DEEE)
  1989 | D:7      | Noticed a troll
  2015 | D:7      | Reached skill level 5 in Summonings
  2044 | D:7      | Found Can Pem's Self-Improvement Boutique.
  2068 | D:7      | Noticed Duvessa
  2071 | D:7      | Noticed Dowan
  2079 | D:7      | Killed Dowan
  2086 | D:7      | Killed Duvessa
  2117 | D:6      | Found a shimmering blue altar of Sif Muna.
  2123 | D:6      | Became a worshipper of Sif Muna the Loreminder
  2139 | D:6      | Reached skill level 10 in Spellcasting
  2173 | D:7      | Found a radiant altar of Vehumet.
  2213 | D:8      | Found Natosoad's Weapon Emporium.
  2323 | D:8      | Reached XP level 10. HP: 43/49 MP: 12/25
  2388 | D:8      | Reached skill level 1 in Invocations
  2388 | D:8      | Reached skill level 1 in Evocations
  2399 | D:8      | Noticed Gastronok
  2478 | D:8      | Noticed a kobold demonologist
  2497 | D:8      | Noticed a smoke demon
  2511 | D:8      | Noticed a smoke demon
  2699 | D:9      | Reached * piety under Sif Muna
  2731 | D:9      | Found a runed translucent door.
  2731 | D:9      | Noticed heinrich's ghost (novice VSBr)
  2750 | D:9      | Killed from afar by a ynoxinul

Illustrated notes

Levels and vault maps discovered:
D:1:      roderic_chinese_lattice_arrival, layout_loops_ring, dk_noncrumbling_3,
          minivault_14
D:2:      layout_basic, uniq_robin
D:3:      layout_basic, mainiacjoe_overflow_boulevard, serial_bayou_pond_e,
          nicolae_twisty_statue_hallways
D:4:      layout_cave_pools, grunt_qazlal_clouds, nemelex_spade_bored_becter,
          old_standard_altar, mainiacjoe_ossuary_entry_find_the_door
D:5:      layout_loops_cross, minmay_temple_entry_grid, serial_library,
          serial_library_hellmonk_statue_hall,
          serial_library_hellmonk_double_dead_end,
          serial_library_regret_index_small_wings,
          serial_library_regret_index_headful, serial_library_hellmonk_u_bend,
          serial_library_hellmonk_layered_room,
          serial_library_hellmonk_hallway_a, minmay_door_square
D:6:      layout_cave_pods, zin_academy, kennysheep_little_box
D:7:      layout_rooms, xom_shifter_show, mainiacjoe_overflow_alcove_4,
          gammafunk_ghost_split, nicolae_shop_self_help, uniq_duvessa
D:8:      layout_layer_cave, serial_shops, shop,
          nicolae_transporter_intersection, uniq_gastronok, uniq_prince_ribbit1,
          uniq_pikel
D:9:      layout_roguey, serial_rivers, chequers_serial_rivers_micro_d,
          chequers_serial_rivers_room_b, chequers_serial_rivers_micro_a,
          chequers_serial_rivers_micro_a, chequers_serial_rivers_small_a,
          hellmonk_ghost_big_iron
Temple:   oiseaux_autumnal_temple

Skill      XL: |  1  2  3  4  5  6  7  8  9 10 |
---------------+-------------------------------+-----
Spellcasting   | 3 4 5 8 10 | 10.0
Ice Magic      | 5 6 7 |  7.0
Summonings     | 1 2 6 8 |  8.5
Fighting       | 1 4 |  4.0
Invocations    | 2 |  2.5
Evocations     | 2 |  2.3
Dodging        | |  1.5
Stealth        | |  2.4

Action                     |  1- 3 |  4- 6 |  7- 9 | 10-12 || total
---------------------------+-------+-------+-------+-------++-------
  Melee: Unarmed           |     9 |       |       |       ||     9
         Bite              |     6 |    33 |    57 |    13 ||   109
         Dagger            |    33 |    96 |   119 |       ||   248
         Punch             |     1 |     1 |     3 |       ||     5
         Spear             |       |       |    65 |    40 ||   105
   Cast: Freeze            |    30 |     1 |       |       ||    31
         Summon Ice Beast  |       |     7 |    24 |     9 ||    40
         Frozen Ramparts   |       |     4 |    20 |     7 ||    31
         Ozocubu's Armour  |       |       |     6 |     3 ||     9
  Evoke: Wand              |       |       |     4 |     1 ||     5
    Use: Scroll            |       |     2 |     9 |     3 ||    14
         Potion            |       |     1 |     1 |       ||     2
   Stab: Distracted        |       |       |     6 |       ||     6
 Armour: Robe              |    33 |    52 |   133 |    42 ||   260
  Dodge: Dodged            |    52 |    53 |   125 |    29 ||   259
